 Dungeon Crawl Stone Soup version 0.31-a0-121-g1e386dd289 (webtiles) character file.

Game seed: 6244545030044667249

8330 Gargoyl the Protected (level 11, -12/100 HPs)
             Began as a Gargoyle Berserker on May 31, 2023.
             Was a Priest of Trog.
             Mangled by a slime creature (14 damage)
             ... on level 9 of the Dungeon on June 1, 2023.
             The game lasted 00:13:09 (7374 turns).

Gargoyl the Protected (Gargoyle Berserker)          Turns: 7374, Time: 00:13:10

Health: -12/100    AC: 29    Str: 21    XL:     11   Next: 29%
Magic:  11/11      EV:  9    Int: 14    God:    Trog [***...]
Gold:   333        SH:  0    Dex: 15    Spells: 10/10 levels left

rFire   + . .        s - +0 broad axe
rCold   . . .        (no shield)
rNeg    + . .        x - +0 plate armour
rPois   ∞            j - +0 helmet
rElec   +            w - +2 cloak {Will+}
rCorr   .            n - +1 pair of gloves "Peluiha" {Int+6 Dex+2}
SInv    .            (no boots)
Will    +++..        (no amulet) Stlth
                     h - ring of protection from fire
HPRegen 1.36/turn    (no ring)
MPRegen 0.12/turn

%: no passive effects
@: berserking (expiring), strong-willed (expiring), regenerating (expiring),
very quick
A: sickness immunity, AC +8, negative energy resistance 1, electricity
resistance, torment resistance 1, petrification resistance
a: Renounce Religion, Berserk, Trog's Hand


You were on level 9 of the Dungeon.
You worshipped Trog.
Trog was most pleased with you.
You visited 1 branch of the dungeon, and saw 9 of its levels.

You collected 483 gold pieces.
You spent 150 gold pieces at shops.

Inventory:

Hand Weapons
 l - a +0 war axe
 q - a +5 dire flail of protection
 s - a +0 broad axe (weapon)
Missiles
 v - 25 poisoned darts (quivered)
Armour
 j - a +0 helmet (worn)
 n - the +1 pair of gloves "Peluiha" (worn) {Int+6 Dex+2}
   (You found it on level 3 of the Dungeon)

   Int:       It affects your intelligence (+6).
   Dex:       It affects your dexterity (+2).
 w - a +2 cloak of willpower (worn)
 x - a +0 plate armour (worn)
Jewellery
 h - a ring of protection from fire (left hand)
Wands
 a - a wand of paralysis (4)
 m - a wand of roots (7)
Scrolls
 d - 4 scrolls of enchant armour
 f - 2 scrolls of fog
 g - 3 scrolls of identify
 p - 5 scrolls of teleportation
 y - 2 scrolls of magic mapping
Potions
 b - 3 potions of curing
 c - a potion of cancellation
 e - 2 potions of resistance
 i - 2 potions of degeneration {unknown}
 k - 3 potions of heal wounds
 o - 5 potions of might
 r - a potion of berserk rage
 t - 2 potions of enlightenment
 u - a potion of mutation {unknown}
 z - a potion of haste {unknown}


   Skills:
 + Level 7.0 Fighting
 * Level 8.5(10.0) Axes
 + Level 9.1(10.8) Maces & Flails
 + Level 0.4 Throwing
 * Level 9.1 Armour
 * Level 5.5 Dodging


You had 10 spell levels left.
You didn't know any spells.
Your spell library was empty.

Dungeon Overview and Level Annotations

Branches:
Dungeon (9/15)             Temple (0/1) D:7
   Lair: D:8-11         Orc: D:9-12

Altars:
Ashenzari
Hepliaklqana
Vehumet
Yredelemnul

Shops:
D:6 !


Innate Abilities, Weirdness & Mutations

You are immune to sickness and miasma.
Your stone body is resilient. (AC +8)
You are immune to poison.
You resist negative energy. (rN+)
You are resistant to electric shocks. (rElec)
You are resistant to unholy torment.
You are immune to petrification.


Message History

The slime creature hits you.
Two slime creatures merge to form a very large slime creature.
The slime creature hits you but does no damage.
Unknown command.
You slash the very large slime creature!
The very large slime creature is moderately wounded.
You slash the slime creature! You barely miss the slime creature.
The slime creature hits you but does no damage.
Unknown command.
You slice the very large slime creature!!
The very large slime creature is heavily wounded.
You barely miss the slime creature. You slash the slime creature!
You feel the effects of Trog's Hand fading.
The slime creature hits you but does no damage.
Unknown command.
You hit the very large slime creature.
The very large slime creature is heavily wounded.
You slash the slime creature! x2; The slime creature hits you!
The slime creature hits you but does no damage.
The very large slime creature hits you!!!
Unknown command.
You slash the very large slime creature!
The very large slime creature is heavily wounded.
You barely miss the slime creature. x2; The slime creature hits you!
* * * LOW HITPOINT WARNING * * *
Unknown command.
You slice the very large slime creature!!
The very large slime creature is severely wounded.
You slash the slime creature!
You kill the slime creature!
Trog accepts your kill.
You hit the slime creature.
A very large slime creature splits.
The slime creature hits you!
* * * LOW HITPOINT WARNING * * *
You slash the large slime creature!
The large slime creature is almost dead.
You slash the slime creature! x2; The large slime creature hits you!
* * * LOW HITPOINT WARNING * * *
The slime creature hits you!
You die...

...#.#.# .#.#.#.# ....
...# .#.#.#.#
#........# . .#.#.#.#
#.... ...# ..
.....#.#####... ...#...
##..........#.# .......
............#.###.....#
##....#.........JJ....#
##....#.........@J....#
##....####............#
##.#### #.........####
...# ####.##...# ...
#.......# .. #.....>.#
.. #.......# ..
##.#..... .. .........


You could see a large slime creature and 2 slime creatures.

Vanquished Creatures
  Gastronok (D:8)
  3 two-headed ogres
  Maggie (D:7)
  Prince Ribbit (D:8)
  Grinder (D:3)
  A slime creature (D:9)
  5 yaks (D:6)
  2 steam dragons
  Edmund (D:4)
  2 water moccasins
  3 sky beasts
  2 ice beasts (D:6)
  3 orc warriors
  3 ogres
  7 centaurs
  A kobold brigand (D:9)
  3 phantoms
  4 bullfrogs
  3 scorpions
  5 killer bees (D:9)
  2 howler monkeys (D:9)
  4 jellies
  Crazy Yiuf (D:5)
  A gnoll bouda (D:5)
  6 orc priests
  4 hounds
  3 iguanas
  4 orc wizards
  Robin (D:3)
  5 gnolls (D:5)
  6 adders
  3 white imps
  2 ufetubi (D:5)
  2 worms
  18 orcs
  10 endoplasms
  2 giant cockroaches
  11 hobgoblins
  6 jackals
  14 kobolds
  3 quokkas
  4 ball pythons
  6 bats
  2 frilled lizards (D:3)
  14 goblins
  2 rats
188 creatures vanquished.

Notes
Turn   | Place    | Note
-------+----------+-------------------------------------------
     0 | D:1      | Gargoyl the Gargoyle Berserker began the quest for the Orb.
     0 | D:1      | Reached XP level 1. HP: 14/14 MP: 1/1
   229 | D:1      | Reached XP level 2. HP: 18/19 MP: 2/2
  1064 | D:2      | Reached XP level 3. HP: 21/23 MP: 3/3
  1210 | D:2      | Reached ** piety under Trog
  1286 | D:2      | Reached XP level 4. HP: 20/29 MP: 4/4
  2159 | D:3      | Identified the +1 pair of gloves "Peluiha" {Int+6 Dex+2}
  2292 | D:3      | Noticed Grinder
  2323 | D:3      | Killed Grinder
  2324 | D:3      | Reached XP level 5. HP: 23/33 MP: 5/5
  2324 | D:3      | Reached XP level 6. HP: 27/38 MP: 6/6
  2443 | D:3      | Noticed Robin
  2455 | D:3      | Reached skill level 5 in Axes
  2460 | D:3      | Killed Robin
  2852 | D:4      | Reached XP level 7. HP: 43/43 MP: 7/7
  2862 | D:4      | Noticed Edmund
  2882 | D:4      | Killed Edmund
  3020 | D:4      | Reached skill level 1 in Maces & Flails
  3211 | D:4      | Reached XP level 8. HP: 32/48 MP: 8/8
  3378 | D:5      | Entered Level 5 of the Dungeon
  3518 | D:5      | Found a runed translucent door.
  3519 | D:5      | Noticed Crazy Yiuf
  3803 | D:5      | Reached skill level 5 in Armour
  3903 | D:5      | Killed Crazy Yiuf
  4129 | D:6      | Found Diycs's Distillery.
  4137 | D:6      | Bought a potion of heal wounds for 75 gold pieces
  4137 | D:6      | Bought a potion of heal wounds for 75 gold pieces
  4211 | D:6      | Noticed a yak
  4211 | D:6      | Noticed a yak
  4211 | D:6      | Noticed a yak
  4240 | D:6      | Reached XP level 9. HP: 35/53 MP: 9/9
  4247 | D:6      | Reached skill level 5 in Fighting
  4305 | D:6      | Reached skill level 5 in Maces & Flails
  5337 | D:7      | Found a broken altar of Ashenzari.
  5400 | D:7      | Reached XP level 10. HP: 57/60 MP: 10/10
  5528 | D:7      | Found a staircase to the Ecumenical Temple.
  5590 | D:7      | Identified the +6 orcbow of the Shouting Fool {flame, rElec
                  | Will++}
  5591 | D:7      | Upgraded the game from 0.31-a0-117-g42d8f58691 to
                  | 0.31-a0-121-g1e386dd289
  5743 | D:7      | Noticed Maggie
  5759 | D:7      | Killed Maggie
  6106 | D:8      | Found a hazy altar of Hepliaklqana.
  6158 | D:8      | Noticed Gastronok
  6174 | D:8      | Noticed a two-headed ogre
  6176 | D:8      | Found a radiant altar of Vehumet.
  6177 | D:8      | Noticed a two-headed ogre
  6188 | D:8      | Killed a two-headed ogre
  6193 | D:8      | Killed a two-headed ogre
  6194 | D:8      | Reached skill level 5 in Dodging
  6349 | D:8      | Reached *** piety under Trog
  6455 | D:8      | Noticed Prince Ribbit
  6469 | D:8      | Killed Gastronok
  6470 | D:8      | Reached XP level 11. HP: 66/66 MP: 11/11
  6500 | D:8      | Killed Prince Ribbit
  6772 | D:9      | Noticed a two-headed ogre
  6963 | D:9      | Killed a two-headed ogre
  7286 | D:9      | Found a basalt altar of Yredelemnul.
  7374 | D:9      | HP: 2/100 [large slime creature (14)]
  7374 | D:9      | Mangled by a slime creature

Illustrated notes

Levels and vault maps discovered:
D:1:      roderic_dead_forest, layout_loops_ring
D:2:      layout_basic
D:3:      layout_basic, uniq_robin, uniq_grinder
D:4:      layout_rooms, uniq_edmund
D:5:      layout_basic, uniq_crazy_yiuf_cottage
D:6:      nicolae_whirlpool, layout_gridville, serial_shops, shop
D:7:      layout_basic, mainiacjoe_overflow_cross_hatched,
          minmay_temple_entry_wispy, uniq_maggie
D:8:      layout_cave_pools, overflow_temple_1_default,
          nicolae_vehumet_radiance, uniq_gastronok, uniq_prince_ribbit1
D:9:      layout_basic, mainiacjoe_overflow_tiny_flanked, grunt_ministairs_6

Skill      XL: |  1  2  3  4  5  6  7  8  9 10 11 |
---------------+----------------------------------+-----
Axes           | 3 4 5 6 7 8 |  8.5
Dodging        | 2 3 4 5 |  5.5
Fighting       | 4 5 6 7 |  7.0
Armour         | 3 4 5 7 8 9 |  9.1
Maces & Flails | 1 4 6 8 9 |  9.1
Throwing       | |  0.4

Action                     |  1- 3 |  4- 6 |  7- 9 | 10-12 || total
---------------------------+-------+-------+-------+-------++-------
  Melee: Hand axe          |    93 |   103 |    18 |       ||   214
         Punch             |       |     1 |       |       ||     1
         Dire flail        |       |       |   225 |   174 ||   399
         Broad axe         |       |       |       |    10 ||    10
  Throw: Dart              |       |       |     5 |     1 ||     6
 Invoke: Berserk           |       |     4 |     3 |     7 ||    14
         Trog's Hand       |       |     3 |     5 |     7 ||    15
    Use: Scroll            |     6 |     7 |     6 |     1 ||    20
         Potion            |       |     1 |       |       ||     1
   Stab: Sleeping          |     2 |       |       |       ||     2
 Armour: Animal skin       |    46 |       |       |       ||    46
         Scale mail        |       |    63 |    92 |       ||   155
         Plate armour      |       |       |   106 |   207 ||   313
  Dodge: Dodged            |    82 |    59 |   135 |   102 ||   378

Table legend: (Time is in decaauts)
 A = Elapsed time spent in this place.
 B = Non-inter-level travel time spent in this place.
 C = Inter-level travel time spent in this place.
 D = Time resting spent in this place.
 E = Time spent auto-exploring this place.
 F = Levels seen in this place.
 G = Mean time per level.
                   A        B        C        D        E       F      G
               +--------+--------+--------+--------+--------+-----+--------+
         Total |   7467 |   7203 |    264 |    450 |   5031 |   9 |  829.7 |
       Dungeon |   7467 |   7203 |    264 |    450 |   5031 |   9 |  829.7 |
               +--------+--------+--------+--------+--------+-----+--------+

Top non-repeatable levels by time:
     D:6: 1281 daAuts
     D:2: 1083 daAuts
     D:8: 1054 daAuts
     D:3: 1015 daAuts
     D:1: 793 daAuts
     D:7: 729 daAuts
     D:5: 651 daAuts
     D:4: 551 daAuts
     D:9: 305 daAuts
